 Dungeon Sprint DCSS version 0.22-a0-877-g5c4e1af (webtiles) character file.

19899 Brynnhild the Demonic Aeon (level 12, -13/98 HPs)
             Began as a Demonspawn Monk on July 29, 2018.
             Was the Champion of Cheibriados.
             Mangled by a cyan very ugly thing (22 damage)
             ... in the Dungeon (Sprint IX: "|||||||||||||||||||||||||||||").
             The game lasted 00:05:24 (2267 turns).

Brynnhild the Demonic Aeon (Demonspawn Monk)        Turns: 2267, Time: 00:05:25

Health: -13/98     AC: 17    Str: 28    XL:     12   Next: 40%
Magic:  5/27       EV: 21    Int: 29    God:    Cheibriados [******]
Gold:   781        SH:  0    Dex: 35    Spells: 11/11 levels left

rFire    + . .     SeeInvis .     - Unarmed
rCold    . . .     Gourm    .   (no shield)
rNeg     . . .     Faith    .   B - +3 chain mail
rPois    .         Spirit   .   (helmet restricted)
rElec    .         Reflect  .   s - +0 cloak
rCorr    .         Harm     .   A - +1 pair of gloves
MR       .....     NoTele   +   (no boots)
Stlth    ..........             (no amulet)
HPRegen  0.26/turn              l - +3 ring of intelligence
MPRegen  0.20/turn              v - ring of protection from fire

@: very slow
A: horns 2, powered by death 1, spiny 2, sturdy frame 1
a: Bend Time, Temporal Distortion, Slouch, Step From Time, Renounce Religion


You were in the Dungeon.
You worshipped Cheibriados.
Cheibriados was exalted by your worship.
You were near starving.

You visited 1 branch You collected 1912 gold pieces.
You spent 1131 gold pieces at shops.

Inventory:

Armour
 a - a +0 robe
 n - a +2 ring mail
 s - a +0 cloak (worn)
 t - a +0 pair of gloves
 A - a +1 pair of gloves (worn)
 B - a +3 chain mail (worn)
Jewellery
 l - a +3 ring of intelligence (left hand)
 m - a +3 ring of intelligence
 v - a ring of protection from fire (right hand)
 x - an uncursed ring of ice
 y - an uncursed ring of protection from fire
 z - an uncursed ring of protection from magic
Wands
 k - a wand of iceblast (10)
Scrolls
 h - 2 scrolls of blinking
 i - 5 scrolls of remove curse
 j - 2 scrolls of amnesia
 p - 2 scrolls of fog
 q - 2 scrolls of identify
 r - 3 scrolls of fear
 D - 2 scrolls of enchant weapon
 E - 2 scrolls of enchant armour
Potions
 c - 8 potions of curing
 d - 4 potions of heal wounds
 e - 2 potions of haste
 f - 4 potions of magic
 g - 2 potions of might
 o - a potion of brilliance
 w - 2 potions of agility
 C - a potion of mutation
Miscellaneous
 u - a lamp of fire
Comestibles
 b - 13 rations


   Skills:
 + Level 10.4 Fighting
 + Level 8.7 Armour
 + Level 10.7 Dodging
 - Level 1.7 Stealth
 + Level 17.6 Unarmed Combat
 * Level 22.1 Invocations


You had 11 spell levels left.
You didn't know any spells.
Your spell library was empty.

Dungeon Overview and Level Annotations

Branches:
Dungeon (1/1)

Altars:
Cheibriados
Dithmenos
Elyvilon
Fedhas
Gozag
Hepliaklqana
Kikubaaqudgha
Makhleb
Nemelex Xobeh
Okawaru
Qazlal
Ru
Sif Muna
Trog
Uskayaw
Vehumet
Wu Jian
Xom
Yredelemnul
Zin
The Shining One
Beogh
Jiyva
Lugonu

Shops:
D !*=}


Innate Abilities, Weirdness & Mutations

You have a pair of horns on your head.
You regenerate a little health from kills.
You are mostly covered in sharp spines.
Your movements are slightly less encumbered by armour. (ER -2)


Message History

You hit the cyan very ugly thing but do no damage.
You headbutt the cyan very ugly thing, but do no damage.
You punch the cyan very ugly thing!
The cyan very ugly thing is lightly wounded.
The cyan very ugly thing closely misses you.
You hit the cyan very ugly thing but do no damage.
Your punch misses the cyan very ugly thing.
The cyan very ugly thing is lightly wounded.
You punch the cyan very ugly thing!
The cyan very ugly thing is lightly wounded.
The cyan very ugly thing claws you but does no damage.
Unknown command.
You punch the cyan very ugly thing!
You headbutt the cyan very ugly thing, but do no damage.
The cyan very ugly thing is moderately wounded.
The cyan very ugly thing is struck by your spines.
The cyan very ugly thing claws you!
* * * LOW HITPOINT WARNING * * *
The cyan very ugly thing shocks you!!
You die...

▓.▓.▓.▓[▓.▓.▓
▓.▓.▓.▓(▓.▓.▓.▓
▓.▓.▓.▓.▓.▓.▓.▓
▓.▓.▓.▓.▓'▓.▓.▓
▓C▓.▓.▓.▓.▓.▓.▓
▓.▓.▓∩▓.▓(▓.▓.▓
▓c▓.▓)▓.▓.▓.▓'▓
▓u▓.▓∩▓.▓.▓.▓.▓
▓@▓.▓)▓)▓.▓.▓.▓
▓(▓.▓∩▓.▓.▓.▓.▓
▓)▓.▓.▓.▓.▓.▓[▓
▓(▓.▓∩▓.▓.▓.▓[▓
▓.▓.▓)▓.▓.▓.▓)▓
▓)▓.▓)▓.▓†▓.▓|▓
▓(▓.▓)▓.▓.▓.▓.▓
▓)▓.▓)▓.▓.▓.▓.▓
▓.▓.▓)▓.▓'▓.▓'▓


You could see a cyan very ugly thing, a fire giant and a yaktaur.

Vanquished Creatures
  A stone giant (D)
  3 hydras (D)
  Erolcha (D)
  Harold (D)
  A centaur warrior (D)
  An ogre mage (D)
  An orc high priest (D)
  Sonja (D)
  10 orc knights (D)
  An ugly thing (D)
  A deep elf mage (D)
  2 manticores (D)
  2 spiny frogs (D)
  A spiny frog (shapeshifter) (D)
  A yaktaur (D)
  A komodo dragon (D)
  A tengu conjurer (D)
  5 tyrant leeches (D)
  A troll (D)
  A hippogriff (D)
  A blink frog (D)
  A dream sheep (D)
  A wraith (D)
  A yak (D)
  A hungry ghost (D)
  A basilisk (D)
  A vampire mosquito (D)
  3 water moccasins (D)
  4 porcupines (D)
  A sky beast (D)
  A black bear (D)
  16 orc warriors (D)
  An eye of draining (D)
  An ogre (D)
  A crocodile (D)
  4 bullfrogs (D)
  2 crimson imps (D)
  A hound (D)
  2 orc priests (D)
  A worker ant (D)
  An adder (D)
  A shadow imp (D)
  A leopard gecko (D)
  11 orcs (D)
  A ball python (D)
  A goblin (D)
  A hobgoblin (D)
  A bat (D)
  A kobold (D)
101 creatures vanquished.

Notes
Turn   | Place    | Note
-------+----------+-------------------------------------------
     0 | D        | Brynnhild the Demonspawn Monk began the quest for the Orb.
     0 | D        | Reached XP level 1. HP: 18/18 MP: 1/1
   188 | D        | Noticed a hound
   188 | D        | Noticed a worker ant
   188 | D        | Noticed a crimson imp
   191 | D        | Killed a worker ant
   191 | D        | Gained mutation: You have a pair of small horns on your head. [demonic ancestry]
   191 | D        | Reached XP level 2. HP: 24/24 MP: 2/2
   191 | D        | Gained mutation: Your movements are slightly less encumbered by armour. (ER -2) [demonic ancestry]
   191 | D        | Reached XP level 3. HP: 29/29 MP: 3/3
   201 | D        | Gained mutation: You have a pair of horns on your head. [demonic ancestry]
   201 | D        | Reached XP level 4. HP: 32/35 MP: 4/4
   374 | D        | Found a roughly hewn altar of Beogh.
   374 | D        | Found a snail-covered altar of Cheibriados.
   374 | D        | Found a shadowy altar of Dithmenos.
   374 | D        | Found a white marble altar of Elyvilon.
   374 | D        | Found a blossoming altar of Fedhas.
   374 | D        | Found an opulent altar of Gozag.
   375 | D        | Found a hazy altar of Hepliaklqana.
   376 | D        | Found a viscous altar of Jiyva.
   377 | D        | Found an ancient bone altar of Kikubaaqudgha.
   378 | D        | Found a corrupted altar of Lugonu.
   380 | D        | Became a worshipper of Cheibriados the Contemplative
   380 | D        | Reached * piety under Cheibriados
   380 | D        | Reached ** piety under Cheibriados
   382 | D        | Found a burning altar of Makhleb.
   383 | D        | Found a sparkling altar of Nemelex Xobeh.
   384 | D        | Found an iron altar of Okawaru.
   385 | D        | Found a stormy altar of Qazlal.
   386 | D        | Found a sacrificial altar of Ru.
   387 | D        | Found a deep blue altar of Sif Muna.
   388 | D        | Found a bloodstained altar of Trog.
   389 | D        | Found a hide-covered altar of Uskayaw.
   390 | D        | Found a radiant altar of Vehumet.
   391 | D        | Found an ornate altar of the Wu Jian Council.
   392 | D        | Found a shimmering altar of Xom.
   393 | D        | Found a basalt altar of Yredelemnul.
   394 | D        | Found a glowing silver altar of Zin.
   395 | D        | Found a glowing golden altar of the Shining One.
   436 | D        | Noticed a bullfrog
   436 | D        | Noticed a hungry ghost
   436 | D        | Noticed a black bear
   440 | D        | Killed a black bear
   440 | D        | Reached skill level 3 in Invocations
   440 | D        | Reached XP level 5. HP: 42/43 MP: 4/7
   448 | D        | Killed a hungry ghost
   448 | D        | Reached skill level 5 in Fighting
   448 | D        | Reached skill level 5 in Dodging
   448 | D        | Reached skill level 10 in Unarmed Combat
   448 | D        | Reached skill level 5 in Invocations
   448 | D        | Gained mutation: You are partially covered in sharp spines. [demonic ancestry]
   448 | D        | Reached XP level 6. HP: 44/51 MP: 4/10
   451 | D        | Reached *** piety under Cheibriados
   451 | D        | Reached skill level 6 in Invocations
   455 | D        | Reached **** piety under Cheibriados
   466 | D        | Noticed a troll
   466 | D        | Noticed a sky beast
   472 | D        | Killed a sky beast
   472 | D        | Gained mutation: You regenerate a little health from kills. [demonic ancestry]
   472 | D        | Reached XP level 7. HP: 55/59 MP: 8/12
   474 | D        | Reached skill level 7 in Invocations
   477 | D        | Reached ***** piety under Cheibriados
   481 | D        | Killed a troll
   481 | D        | Reached skill level 8 in Invocations
   726 | D        | Noticed a five-headed hydra
   726 | D        | Noticed a hippogriff
   727 | D        | Noticed a yak
   729 | D        | Reached XP level 8. HP: 36/67 MP: 14/14
   729 | D        | Reached skill level 9 in Invocations
   729 | D        | Reached skill level 1 in Armour
   729 | D        | Noticed a four-headed hydra
   732 | D        | Killed a hippogriff
   732 | D        | Reached skill level 10 in Invocations
   736 | D        | Killed a five-headed hydra
   736 | D        | Reached skill level 11 in Invocations
   736 | D        | Reached XP level 9. HP: 42/75 MP: 4/17
   739 | D        | Killed a four-headed hydra
   744 | D        | Reached ****** piety under Cheibriados
   899 | D        | Noticed a spiny frog
   916 | D        | Noticed a komodo dragon
   920 | D        | Killed a spiny frog
   920 | D        | Reached skill level 12 in Invocations
   923 | D        | Reached XP level 10. HP: 83/83 MP: 17/19
   932 | D        | Reached skill level 15 in Unarmed Combat
   939 | D        | Noticed a spiny frog
   941 | D        | Killed a spiny frog
   948 | D        | Reached skill level 5 in Armour
   951 | D        | Reached skill level 13 in Invocations
  1021 | D        | Noticed Sonja
  1024 | D        | Killed Sonja
  1024 | D        | Reached skill level 14 in Invocations
  1048 | D        | Noticed Harold
  1063 | D        | Killed Harold
  1063 | D        | Reached skill level 10 in Fighting
  1079 | D        | Noticed Erolcha
  1089 | D        | Killed Erolcha
  1089 | D        | Gained mutation: You are mostly covered in sharp spines. [demonic ancestry]
  1089 | D        | Reached XP level 11. HP: 88/90 MP: 20/22
  1118 | D        | Reached skill level 10 in Dodging
  1118 | D        | Reached skill level 15 in Invocations
  1176 | D        | Noticed an orc knight
  1176 | D        | Noticed an orc high priest
  1177 | D        | Noticed an orc knight
  1180 | D        | Noticed an orc knight
  1182 | D        | Killed an orc high priest
  1183 | D        | Killed an orc knight
  1183 | D        | Reached skill level 16 in Invocations
  1184 | D        | Killed an orc knight
  1185 | D        | Noticed an orc knight
  1191 | D        | Killed an orc knight
  1196 | D        | Killed an orc knight
  1197 | D        | Reached skill level 17 in Invocations
  1396 | D        | Found Fufiem's Gadget Boutique.
  1396 | D        | Noticed an orc knight
  1396 | D        | Noticed an orc knight
  1398 | D        | Noticed an orc knight
  1400 | D        | Killed an orc knight
  1401 | D        | Found Eruleint's Jewellery Shop.
  1402 | D        | Killed an orc knight
  1403 | D        | Killed an orc knight
  1403 | D        | Reached skill level 18 in Invocations
  1689 | D        | Found Gituolai's General Store.
  1692 | D        | Found Corraacw's Distillery.
  1694 | D        | Noticed an orc knight
  1695 | D        | Noticed an orc knight
  1704 | D        | Killed an orc knight
  1705 | D        | Killed an orc knight
  1705 | D        | Reached skill level 19 in Invocations
  1706 | D        | Noticed an orc knight
  1716 | D        | Killed an orc knight
  1764 | D        | Bought a lamp of fire for 520 gold pieces
  1766 | D        | Bought an uncursed ring of protection from fire for 275 gold pieces
  1770 | D        | Bought a potion of agility for 56 gold pieces
  1770 | D        | Bought a potion of might for 56 gold pieces
  1770 | D        | Bought a potion of heal wounds for 70 gold pieces
  1770 | D        | Bought a potion of heal wounds for 70 gold pieces
  1770 | D        | Bought a potion of curing for 42 gold pieces
  1770 | D        | Bought a potion of curing for 42 gold pieces
  2238 | D        | Noticed a purple ugly thing
  2238 | D        | Noticed an eight-headed hydra
  2238 | D        | Noticed a centaur warrior
  2241 | D        | Killed a centaur warrior
  2241 | D        | Reached skill level 20 in Invocations
  2241 | D        | Reached XP level 12. HP: 98/98 MP: 19/26
  2246 | D        | Noticed an ogre mage
  2247 | D        | Killed an eight-headed hydra
  2249 | D        | Noticed a stone giant
  2253 | D        | Reached skill level 21 in Invocations
  2253 | D        | Killed an ogre mage
  2257 | D        | Killed a stone giant
  2257 | D        | Reached skill level 22 in Invocations
  2261 | D        | Noticed a cyan very ugly thing
  2263 | D        | Noticed a fire giant
  2267 | D        | Mangled by a cyan very ugly thing

Vault maps used:
D:        linesprint

Skill      XL: |  1  2  3  4  5  6  7  8  9 10 11 12 |
---------------+-------------------------------------+-----
Unarmed Combat | 6 8 9 10 12 13 14 16 17 | 17.6
Fighting       | 4 5 6 7 8 9 10 | 10.4
Dodging        | 4 5 6 7 8 9 10 | 10.7
Invocations    | 3 5 6 8 11 12 14 20 22 | 22.1
Armour         | 2 4 6 8 |  8.7
Stealth        | |  1.7

Action                   |  1- 3 |  4- 6 |  7- 9 | 10-12 || total
-------------------------+-------+-------+-------+-------++-------
Melee: Unarmed           |    32 |    21 |    35 |   101 ||   189
       Headbutt          |     2 |     6 |    19 |    39 ||    66
       Punch             |       |     1 |     5 |    14 ||    20
Invok: Slouch            |       |       |     2 |    21 ||    23
  Use: Potion            |     1 |     1 |     2 |       ||     4
 Stab: Invisible         |       |     3 |       |       ||     3
       Distracted        |       |       |       |     1 ||     1
       Sleeping          |       |       |       |     1 ||     1
  Eat: Chunk             |       |       |     1 |     4 ||     5
Armor: Robe              |     4 |       |       |       ||     4
       Ring mail         |       |     6 |     6 |     5 ||    17
       Chain mail        |       |       |       |    13 ||    13
Dodge: Dodged            |    15 |    12 |    27 |    80 ||   134

Table legend:
 A = Spawn XP
 B = Non-spawn XP
 C = Spawn XP percentage of total XP
 D = Spawn monster count
 E = Non-spawn monster count
 F = Spawn count percentage of total count
 G = Total turns spent on level
                    A         B        C        D         E        F      G
               +---------+---------+-------+---------+---------+-------+---------
         Total |       0 |   28428 |   0.0 |       0 |     101 |   0.0 |  2267
               +---------+---------+-------+---------+---------+-------+---------
             D |       0 |   28428 |   0.0 |       0 |     101 |   0.0 |  2267
               +---------+---------+-------+---------+---------+-------+---------
